 Dungeon Crawl Stone Soup version 0.20-a0-1122-gb7cbeb9 (webtiles) character file.

854 Amnesiac the Conjurer (level 7, -2/38 HPs)
             Began as a Deep Elf Ice Elementalist on May 14, 2017.
             Slain by a gnoll sergeant
             ... wielding a +4 spear of freezing
              (7 damage)
             ... on level 5 of the Dungeon.
             The game lasted 00:08:07 (4006 turns).

Amnesiac the Conjurer (Deep Elf Ice Elementalist)   Turns: 4006, Time: 00:08:08

Health: -2/38      AC:  9    Str:  5    XL:     7   Next: 70%
Magic:  1/15       EV: 14    Int: 22    God:
Gold:   131        SH:  5    Dex: 15    Spells: 6/14 levels left

rFire    . . .     SeeInvis .   k - +2 short sword (flame)
rCold    . . .     Gourm    .   l - +0 buckler
rNeg     . . .     Faith    .   a - +0 robe
rPois    .         Spirit   .   n - +0 helmet
rElec    .         Reflect  .   (no cloak)
rCorr    .         Harm     .   (no gloves)
MR       .....                  (no boots)
Stlth    ++........             (no amulet)
Regen    0.2/turn               (no ring)
MPRegen  0.2/turn               (no ring)

@: icy armour, slow
A: no striking features
a: no special abilities


You were on level 5 of the Dungeon.
You were not hungry.

You visited 1 branch of the dungeon, and saw 5 of its levels.

You collected 131 gold pieces.

Inventory:

Hand Weapons
 i - a +2 dagger of flaming
 k - a +2 short sword of flaming (weapon)
Missiles
 u - 10 poisoned needles
Armour
 a - a +0 robe (worn)
 l - a +0 buckler (worn)
 n - a +0 helmet (worn)
Magical Staves
 j - an uncursed staff of poison
Wands
 f - a wand of lightning (3/15)
 o - a wand of random effects (19/48)
Scrolls
 e - 2 scrolls of enchant weapon {!r, unknown}
 g - 2 scrolls of immolation {!r, unknown}
 h - 2 scrolls of fog {!r, unknown}
 m - 2 scrolls of identify {!r, unknown}
 q - 2 scrolls of remove curse {!r, unknown}
 r - a scroll of noise {!r, unknown}
 t - a scroll of fear {!r}
Potions
 s - a potion of heal wounds {!q, unknown}
Books
 b - a book of Frost

   Spells                             Type                      Level
   a - Freeze                         Ice                          1
   b - Throw Frost                    Conjuration/Ice              2
   c - Ozocubu's Armour               Charms/Ice                   3
   d - Throw Icicle                   Conjuration/Ice              4
   e - Summon Ice Beast               Ice/Summoning                4
Comestibles
 c - a bread ration
 p - 3 fruits


   Skills:
 + Level 1.1 Fighting
 * Level 3.8 Dodging
 - Level 2.4 Stealth
 - Level 4.1 Shields
 - Level 4.0 Spellcasting
 - Level 5.1 Conjurations
 - Level 5.0 Ice Magic


You had 6 spell levels left.
You knew the following spells:

 Your Spells              Type           Power        Failure   Level  Hunger
a - Freeze                Ice            ####         1%          1    None
b - Ozocubu's Armour      Chrm/Ice       ###.....     12%         3    ###....
d - Throw Icicle          Conj/Ice       ####....     14%         4    ####...


Dungeon Overview and Level Annotations

Branches:
Dungeon (5/15)
 Temple: D:4-7

Altars:
Elyvilon
Gozag
Kikubaaqudgha
Okawaru
Xom

Annotations:
D:1 exclusion: downstairs
D:2 Natasha, Robin
D:4 exclusion: skeleton


Message History

Casting: Freeze
Confirm with . or Enter, or press ? or * to list all spells.
Aiming: Freeze
Press: ? - help, Shift-Dir - straight line, f/p - howler monkey
Aim: a howler monkey (severely wounded)
You freeze the howler monkey.
You kill the howler monkey!
Your Fighting skill increases to level 1!
You start resting.
A gnoll sergeant comes into view. It is wielding a spear of freezing.
Casting: Freeze
Confirm with . or Enter, or press ? or * to list all spells.
Aiming: Freeze
Press: ? - help, Shift-Dir - straight line, f - gnoll
Aim: a gnoll, wielding a flail (hasn't noticed you)
You freeze the gnoll.
The gnoll shouts!
The gnoll is moderately wounded.
You hear a shout! x2
You block the gnoll's attack.
The gnoll sergeant hits you from afar with a spear of freezing!
* * * LOW HITPOINT WARNING * * *
The gnoll sergeant freezes you.
* * * LOW HITPOINT WARNING * * *
Casting: Freeze
Confirm with . or Enter, or press ? or * to list all spells.
Aiming: Freeze
Press: ? - help, Shift-Dir - straight line, f/p - gnoll
Aim: a gnoll, wielding a flail (moderately wounded)
You freeze the gnoll.
You kill the gnoll!
You block the gnoll sergeant's attack.
Casting: Freeze
Confirm with . or Enter, or press ? or * to list all spells.
You can't see any susceptible monsters within range! (Use Z to cast anyway.) Unknown command.
Casting: Freeze
Confirm with . or Enter, or press ? or * to list all spells.
A film of ice covers your body!
The gnoll sergeant hits you from afar with a spear of freezing.
* * * LOW HITPOINT WARNING * * *
The gnoll sergeant freezes you.
* * * LOW HITPOINT WARNING * * *
The gnoll sergeant hits you with a spear of freezing.
* * * LOW HITPOINT WARNING * * *
The gnoll sergeant freezes you.
* * * LOW HITPOINT WARNING * * *
Casting: Ozocubu's Armour
Confirm with . or Enter, or press ? or * to list all spells.
Aiming: Throw Icicle
Press: ? - help, Shift-Dir - straight line, f - gnoll sergeant
Aim: a gnoll sergeant, wielding a spear of freezing and wearing a ring mail The shard of ice hits the gnoll sergeant.
The gnoll sergeant is moderately wounded.
Unknown command.
Casting: Throw Icicle
Confirm with . or Enter, or press ? or * to list all spells.
Aiming: Freeze
Press: ? - help, Shift-Dir - straight line, f/p - gnoll sergeant
Aim: a gnoll sergeant, wielding a spear of freezing and wearing a ring mail (moderately wounded)
You freeze the gnoll sergeant.
The gnoll sergeant is severely wounded.
The gnoll sergeant hits you with a spear of freezing!
You die...

#.##.#.#....#. #.
#.#.'####'. ##
#...[.... ..
'######## .#
....)... # .#
#.###### #. .# .#
....... #g###.##.#
#.>###### #.g@..$.##
#....... ###g.....#
#.#.####.
###.###.#.#.##.## #.
#...# ........# #.
#.#.# ##.##..# #.
#.#... ###.##..# #.
#.###.....#.##..###.
#.# #.###.#.##..#...
#.# #.# #(#.##..#.##


You could see a gnoll sergeant and 2 gnolls.

Vanquished Creatures
  A sky beast (D:5)
  3 ogres
  A bullfrog (D:5)
  3 howler monkeys
  2 orc priests
  6 orc wizards
  A hound skeleton (D:5)
  A gnoll (D:5)
  3 adders
  A shadow imp (D:4)
  2 adder skeletons (D:5)
  A dart slug (D:4)
  15 orcs
  2 bats (D:1)
  3 goblins
  A hobgoblin (D:2)
  A quokka (D:5)
  3 frilled lizards
  3 kobolds
  A rat (D:1)
54 creatures vanquished.

Notes
Turn   | Place    | Note
-------+----------+-------------------------------------------
     0 | D:1      | Amnesiac the Deep Elf Ice Elementalist began the quest for the Orb.
     0 | D:1      | Reached XP level 1. HP: 10/10 MP: 6/6
   168 | D:2      | Noticed Robin
   171 | D:2      | Noticed Natasha
   176 | D:1      | Reached XP level 2. HP: 1/15 MP: 4/8
   585 | D:3      | Found an ancient bone altar of Kikubaaqudgha.
   654 | D:3      | Found an opulent altar of Gozag.
   656 | D:3      | Found an iron altar of Okawaru.
   737 | D:5      | Entered Level 5 of the Dungeon
  1346 | D:4      | Noticed an ogre
  1397 | D:5      | Noticed a howler monkey
  1405 | D:5      | Killed a howler monkey
  1405 | D:5      | Reached skill level 1 in Shields
  1405 | D:5      | Reached XP level 3. HP: 5/19 MP: 3/10
  1408 | D:5      | Reached XP level 4. HP: 2/24 MP: 0/12
  1470 | D:4      | Learned a level 3 spell: Ozocubu's Armour
  1475 | D:4      | Learned a level 4 spell: Throw Icicle
  1850 | D:4      | Killed an ogre
  1850 | D:4      | Reached XP level 5. HP: 2/28 MP: 0/13
  2215 | D:4      | Noticed an ogre
  2237 | D:4      | Killed an ogre
  2442 | D:4      | Reached XP level 6. HP: 26/32 MP: 9/14
  2682 | D:4      | Reached skill level 5 in Ice Magic
  2704 | D:4      | Reached skill level 5 in Conjurations
  2868 | D:4      | Found a shimmering altar of Xom.
  3174 | D:5      | Reached XP level 7. HP: 27/36 MP: 4/15
  3350 | D:5      | Found a white marble altar of Elyvilon.
  3991 | D:5      | Reached skill level 1 in Fighting
  4006 | D:5      | Slain by a gnoll sergeant

Vault maps used:
D:1:      dpeg_arrival_tiny_g
D:2:      nemelex_xobeh_ov_fountains_minmay, uniq_robin, uniq_natasha
D:3:      kiku_gazebo_pond_becter, lemuel_crystal_altar,
          nicolae_overflow_hidden_temple, first_bread, uniq_terence,
          uniq_grinder
D:4:      lemuel_coloured_pillars_altar, minmay_misc_feat_x
D:5:      elyvilon_altar_3, minivault_11

Skill      XL: |  1  2  3  4  5  6  7 |
---------------+----------------------+-----
Ice Magic      | 4 5 |  5.0
Spellcasting   | 4 |  4.0
Shields        | 1 3 4 |  4.1
Conjurations   | 3 4 5 |  5.1
Dodging        | 3 |  3.8
Fighting       | 1 |  1.1
Stealth        | |  2.4

Action                   |  1- 3 |  4- 6 |  7- 9 || total
-------------------------+-------+-------+-------++-------
Melee: Unarmed           |     1 |       |       ||     1
       Dagger            |     1 |       |       ||     1
       Short sword       |       |     2 |    11 ||    13
 Cast: Freeze            |    25 |    50 |    26 ||   101
       Throw Icicle      |       |     9 |    11 ||    20
       Ozocubu's Armour  |       |     1 |     2 ||     3
  Use: Potion            |       |     3 |       ||     3
       Scroll            |       |     2 |       ||     2
 Stab: Sleeping          |     1 |       |       ||     1
  Eat: Chunk             |     1 |     4 |     5 ||    10
       Bread ration      |       |     1 |       ||     1
Armor: Robe              |     2 |     6 |     5 ||    13
Dodge: Dodged            |    11 |    20 |    13 ||    44
Block: Buckler           |       |     1 |     7 ||     8
